 Dungeon Crawl Stone Soup version 0.31-a0-816-gd61d57ddb1 (webtiles) character file.

Game seed: 8588895574404632299

90 CrazyBamboolord the Ruffian (level 4, -1/42 HPs)
             Began as a Troll Shapeshifter on Sept 22, 2023.
             Succumbed to a gnoll's poison
             ... on level 2 of the Dungeon.
             The game lasted 00:01:46 (1218 turns).

CrazyBamboolord the Ruffian (Troll Shapeshifter)    Turns: 1218, Time: 00:01:47

Health: -1/42      AC:  4    Str: 30    XL:     4   Next: 32%
Magic:  1/3        EV: 10    Int:  6    God:
Gold:   98         SH:  0    Dex:  9    Spells: 3/3 levels left

rFire   . .          .
                       - Unarmed
rCold   . . .        (no shield)
rNeg    . . .        a - +0 animal skin
rPois   .            (helmet currently unavailable)
rElec   .            (cloak currently unavailable)
rCorr   .            (gloves unavailable)
SInv    .            (boots unavailable)
Will    +....        e - amulet of guardian spirit
Stlth   +            h - +4 ring of slaying
HPRegen 1.07/turn    m - +6 ring of strength
MPRegen 0.08/turn

%: guardian spirit
@: lethally poisoned (-1 -> -14), beast-form, attractive, enlightened, flying
A: beast (slay +2), large, unfitting armour, claws 3, regeneration 1, shaggy fur
1, tough skin 1
a: Begin Untransformation


You were on level 2 of the Dungeon.
You were a hulking beast.
You visited 1 branch of the dungeon, and saw 2 of its levels.

You collected 98 gold pieces.

Inventory:

Armour
 a - a +0 animal skin (worn)
Jewellery
 e - an amulet of guardian spirit (around neck)
 h - a +4 ring of slaying (left claw)
 i - a ring of poison resistance
 m - a +6 ring of strength (right claw)
 p - a ring of resist corrosion
Talismans
 c - a beast talisman (active)
 d - a flux talisman
 j - a maw talisman
Wands
 k - a wand of polymorph (6)
Scrolls
 f - a scroll of noise {unknown}
 l - 2 scrolls of identify {unknown}
 o - a scroll of teleportation {unknown}
Potions
 b - a potion of lignification
 g - a potion of enlightenment


   Skills:
 * Level 1.8 Fighting
 * Level 2.2 Dodging
 * Level 3.6 Unarmed Combat
 * Level 3.5 Shapeshifting


You had 3 spell levels left.
You didn't know any spells.
Your spell library contained the following spells:

 Spells                   Type           Power      Damage    Failure   Level
 Sandblast                Erth           0%         2d4       45%         1
 Passwall                 Tmut/Erth      0%         N/A       58%         2
 Stone Arrow              Conj/Erth      0%         3d7       83%         3
 Brom's Barrelling Bould  Conj/Erth      0%         2d3       99%         4


Dungeon Overview and Level Annotations

Branches:
Dungeon (2/15)

Altars:


Innate Abilities, Weirdness & Mutations

You are a hulking beast.
Your limbs bulge with bestial killing power. (Slay +2)
You are too large for most types of armour.
You have claws for hands.
Your natural rate of healing is unusually fast.
You are covered in fur. (AC +1)
You have tough skin. (AC +1)


Message History

The gnoll hits you from afar with a +2 spear of venom!
You are poisoned.
A gnoll is nearby!
You feel very sick.
The gnoll hits you with a +2 spear of venom.
Items here: )) ††.
A gnoll is nearby!
You claw the gnoll!
The gnoll is severely wounded.
You feel sick.
The gnoll hits you with a +2 spear of venom!
You are more poisoned.
You are too injured to fight recklessly!
A gnoll is nearby!
You are too injured to fight recklessly!
You are too injured to fight recklessly!
Unknown command.
You closely miss the gnoll.
The gnoll is severely wounded.
You feel very sick.
The gnoll hits you with a +2 spear of venom.
* * * LOW HITPOINT WARNING * * *
You closely miss the gnoll.
The gnoll is severely wounded.
* * * LOW HITPOINT WARNING * * *
You feel very sick. The gnoll closely misses you.
Unknown command.
Okay, then.
It was a potion of enlightenment.
You feel very buoyant.
You fly up into the air.
* * * LOW HITPOINT WARNING * * *
You feel very sick.
The gnoll hits you with a +2 spear of venom.
* * * LOW HITPOINT WARNING * * *
You are more poisoned.
It was a potion of attraction.
You feel attractive to monsters.
You die...

###
#######.#
#..########
#. ... #.#
##...# #)
... #.#
###..... #.
... ..#
#..... #)
..# ##
[.... #.
..# .... #.
..# #.#####
.... #. ..#
#...g.#
###.###.
### #h#
#..... ###
####.#
#..... ..#
#....#
#....) ..#
#.####
#..... ..#
#.# #.....
..# #.#
#....† .##
#.# #.##..
.# #.#
#..... .#
#.# ####..


You could see a gnoll.

Vanquished Creatures
  Jessica (D:2)
  2 gnolls (D:2)
  An adder (D:2)
  A dart slug (D:1)
  4 bats
  3 endoplasms (D:1)
  2 giant cockroaches (D:1)
  8 goblins
  2 hobgoblins
  2 jackals (D:1)
  2 kobolds
  A ball python (D:2)
  3 frilled lizards (D:1)
  2 rats
34 creatures vanquished.

Notes
Turn   | Place    | Note
-------+----------+-------------------------------------------
     0 | D:1      | CrazyBamboolord the Troll Shapeshifter began the quest for
                  | the Orb.
     0 | D:1      | Reached XP level 1. HP: 18/18 MP: 0/0
   161 | D:1      | Reached skill level 1 in Fighting
   215 | D:1      | Reached XP level 2. HP: 27/27 MP: 1/1
   797 | D:2      | Noticed Jessica
   813 | D:2      | Killed Jessica
   814 | D:2      | Reached XP level 3. HP: 33/33 MP: 2/2
   997 | D:2      | Identified the +4 quarterstaff "Jafisisa" {speed, rF+}
  1068 | D:2      | Reached XP level 4. HP: 40/41 MP: 0/3
  1218 | D:2      | Succumbed to a gnoll's poison

Illustrated notes

Levels and vault maps discovered:
D:1:      nagdon_arrival_double_spiral, layout_basic, nrook_mini_vaults,
          minmay_door_square
D:2:      layout_basic, uniq_jessica

Skill      XL: |  1  2 |
---------------+-------+-----
Fighting       | 1 |  1.8
Dodging        | 2 |  2.2
Unarmed Combat | |  3.6
Shapeshifting  | |  3.5

Action                     |  1- 3 |  4- 6 || total
---------------------------+-------+-------++-------
  Melee: Unarmed           |    62 |    11 ||    73
    Use: Potion            |       |     2 ||     2
   Stab: Sleeping          |     2 |       ||     2
 Armour: Animal skin       |    35 |    12 ||    47
         Skin              |     4 |       ||     4
  Dodge: Dodged            |    20 |     7 ||    27

Table legend: (Time is in decaauts)
 A = Elapsed time spent in this place.
 B = Non-inter-level travel time spent in this place.
 C = Inter-level travel time spent in this place.
 D = Time resting spent in this place.
 E = Time spent auto-exploring this place.
 F = Levels seen in this place.
 G = Mean time per level.
                   A        B        C        D        E       F      G
               +--------+--------+--------+--------+--------+-----+--------+
         Total |   1212 |   1127 |     85 |      0 |    901 |   2 |  606.0 |
       Dungeon |   1212 |   1127 |     85 |      0 |    901 |   2 |  606.0 |
               +--------+--------+--------+--------+--------+-----+--------+

Top non-repeatable levels by time:
     D:1: 737 daAuts
     D:2: 475 daAuts
